 Dungeon Crawl Stone Soup version 0.29-a0-275-g389c0b56f3 (webtiles) character file.

Game seed: 16502102067834574008

1182 Shangti the Covered (level 8, 0/70 HPs)
             Began as a Hill Orc Fighter on Mar 9, 2022.
             Was a Believer of Trog.
             Slain by Grinder (1 damage)
             ... while paralysed by Grinder
             ... on level 5 of the Dungeon.
             The game lasted 00:32:31 (5682 turns).

Shangti the Covered (Hill Orc Fighter)              Turns: 5682, Time: 00:32:32

Health: 0/70       AC:  0    Str: 21    XL:     8   Next: 42%
Magic:  8/8        EV:  3    Int:  8    God:    Trog [**....]
Gold:   195        SH:  0    Dex: 10    Spells: 7/7 levels left

rFire   . . .      SeeInvis .   (weapon currently unavailable)
rCold   . . .      Faith    .   (shield currently unavailable)
rNeg    . . .      Spirit   .   (body armour currently unavailable)
rPois   .          Reflect  .   (helmet currently unavailable)
rElec   .          Harm     .   (cloak currently unavailable)
rCorr   .          Rampage  .   (gloves currently unavailable)
Will    .....                   (boots currently unavailable)
Stlth   +.........              q - amulet of regeneration
HPRegen 1.01/turn               (ring currently unavailable)
MPRegen 0.11/turn               (ring currently unavailable)

@: paralysed, pig-form (expiring), very quick
A: fast, no casting, small
a: Renounce Religion, Berserk, Trog's Hand


You were on level 5 of the Dungeon.
You worshipped Trog.
Trog was pleased with you.
You were a filthy swine.
You visited 2 branches of the dungeon, and saw 6 of its levels.

You collected 195 gold pieces.

Inventory:

Hand Weapons
 a - the +6 short sword of the Final Princes (melded) {flame, rCorr Dex-2 SInv}
   (You found it on level 3 of the Dungeon)

   It burns those it strikes, dealing additional fire damage.
   Dex:       It affects your dexterity (-2).
   SInv:      It lets you see invisible.
   rCorr:     It protects you from acid and corrosion.
 k - a +4 hand axe
 s - a +3 short sword
 x - a +0 vorpal flail
 A - a +3 war axe
 B - a +0 vorpal hand axe
 C - a +0 halberd
 D - a +2 flail of protection
Missiles
 i - 26 poisoned darts
 y - a throwing net
Armour
 b - a +0 chain mail (melded)
 c - a +0 buckler (melded)
Jewellery
 q - an amulet of regeneration (around neck)
Wands
 t - a wand of polymorph (8) (quivered)
 F - a wand of paralysis (8)
Scrolls
 g - 2 scrolls of identify
 j - 2 scrolls of blinking
 n - 2 scrolls of vulnerability {unknown}
 p - 3 scrolls of noise {unknown}
 r - a scroll of brand weapon {unknown}
 u - 2 scrolls of teleportation {unknown}
 v - a scroll of enchant armour {unknown}
 z - a scroll of immolation {unknown}
 E - a scroll of fog {unknown}
Potions
 d - a potion of might
 e - a potion of resistance {unknown}
 f - 2 potions of brilliance {unknown}
 h - a potion of lignification {unknown}
 l - a potion of heal wounds
 m - a potion of berserk rage {unknown}
 o - a potion of haste {unknown}
 w - 3 potions of invisibility {unknown}
 G - a potion of flight {unknown}
 H - a potion of ambrosia {unknown}


   Skills:
 + Level 6.1 Fighting
 + Level 5.6 Short Blades
 + Level 5.3 Axes
 + Level 6.2 Armour
 + Level 0.6 Dodging
 + Level 0.2 Stealth
 + Level 4.2 Shields


You had 7 spell levels left.
You didn't know any spells.
Your spell library was empty.

Dungeon Overview and Level Annotations

Branches:
Dungeon (5/15)             Temple (1/1) D:4

Altars:
Ashenzari
Elyvilon
Hepliaklqana
Kikubaaqudgha
Nemelex Xobeh
Okawaru
Trog
Vehumet
Xom
Yredelemnul
Zin
The Shining One

Annotations:
D:5 Grinder, Ijyb


Message History

Grinder closely misses you. Ijyb closely misses you.
You barely miss Ijyb.
Ijyb is moderately wounded.
You closely miss Ijyb.
Ijyb is moderately wounded.
Grinder gestures at you. You resist with some effort.
Ijyb hits you with a +0 dagger.
You hit Ijyb but do no damage.
Ijyb is moderately wounded.
Grinder blinks!
Ijyb hits you with a +0 dagger.
You barely miss Ijyb.
Ijyb is moderately wounded.
Grinder gestures at you.
You suddenly lose the ability to move!
Ijyb hits you with a +0 dagger. Ijyb screams, "I dance on your bones!"
Ijyb hits you with a +0 dagger! Ijyb hits you with a +0 dagger.
Grinder blinks!
Ijyb hits you with a +0 dagger. Ijyb hits you with a +0 dagger.
You can move again.
Grinder blinks!
Ijyb completely misses you. Ijyb barely misses you.
Ijyb attacks as you move away! Ijyb hits you with a +0 dagger.
Grinder gestures at you.
You suddenly lose the ability to move!
Ijyb screams, "Me very upset!"
Ijyb hits you with a +0 dagger. Grinder hits you!
You writhe in agony.
Ijyb hits you with a +0 dagger.
* * * LOW HITPOINT WARNING * * *
Your transformation is almost over.
Grinder hits you!
* * * LOW HITPOINT WARNING * * *
You writhe in agony.
* * * LOW HITPOINT WARNING * * *
Ijyb hits you with a +0 dagger.
* * * LOW HITPOINT WARNING * * *
Grinder hits you!
* * * LOW HITPOINT WARNING * * *
You writhe in agony.
You die...

######
..#######....#
.............#
.##########g5#
#h.# #..# #.)#
#..# #..#
#..### #
#....##
#.#.....#
#####.#.....#


You could see Grinder and Ijyb.

Vanquished Creatures
  A water moccasin (D:5)
  2 ogres
  A sky beast (D:5)
  A kobold brigand (D:4)
  A necrophage (D:4)
  5 howler monkeys
  3 hounds
  An iguana (D:5)
  16 gnolls (D:4)
  5 adders
  A white imp (D:5)
  4 worms
  4 dart slugs
  23 orcs
  5 endoplasms
  3 giant cockroaches
  6 goblins
  6 hobgoblins
  20 jackals
  6 quokkas
  6 ball pythons
  3 bats
  15 frilled lizards
  12 kobolds
  2 rats
152 creatures vanquished.

Vanquished Creatures (others)
  A fungus (D:4)
  10 plants
11 creatures vanquished.

Grand Total: 163 creatures vanquished

Notes
Turn   | Place    | Note
-------+----------+-------------------------------------------
     0 | D:1      | Shangti the Hill Orc Fighter began the quest for the Orb.
     0 | D:1      | Reached XP level 1. HP: 19/19 MP: 1/1
    68 | D:1      | Found a faded altar of an unknown god.
   236 | D:1      | Reached XP level 2. HP: 13/27 MP: 2/2
   949 | D:1      | Reached XP level 3. HP: 27/33 MP: 3/3
  1695 | D:2      | Reached XP level 4. HP: 32/40 MP: 4/4
  2494 | D:3      | Identified the +6 short sword of the Final Princes {flame,
                  | rCorr Dex-2 SInv}
  3347 | D:4      | Reached skill level 5 in Axes
  3347 | D:4      | Reached XP level 5. HP: 47/47 MP: 5/5
  3464 | D:4      | Reached skill level 1 in Short Blades
  3464 | D:4      | Reached XP level 6. HP: 49/55 MP: 6/6
  3509 | D:4      | Found a staircase to the Ecumenical Temple.
  3515 | Temple   | Entered the Ecumenical Temple
  3529 | Temple   | Became a worshipper of Trog the Wrathful
  4105 | D:4      | Reached skill level 5 in Fighting
  4252 | D:4      | Reached XP level 7. HP: 29/61 MP: 7/7
  4307 | D:4      | Reached skill level 5 in Armour
  4388 | D:4      | Reached * piety under Trog
  5222 | D:5      | Entered Level 5 of the Dungeon
  5262 | D:5      | Found an iron altar of Okawaru.
  5291 | D:5      | Reached XP level 8. HP: 15/70 MP: 8/8
  5379 | D:5      | Reached ** piety under Trog
  5382 | D:5      | Found a white marble altar of Elyvilon.
  5408 | D:5      | Reached skill level 5 in Short Blades
  5564 | D:5      | Noticed Grinder
  5564 | D:5      | Paralysed by Grinder for 4 turns
  5598 | D:5      | Noticed Ijyb
  5670 | D:5      | Paralysed by Grinder for 4 turns
  5678 | D:5      | Paralysed by Grinder for 7 turns
  5682 | D:5      | HP: 1/70 [Grinder (7)]
  5682 | D:5      | Slain by Grinder

Illustrated notes

Levels and vault maps discovered:
D:1:      dpeg_arrival_leaves_temple_mockup, layout_basic,
          ebering_ecumenical_altar_box, minmay_lizard_king
D:2:      layout_basic, minivault_26
D:3:      layout_loops_ring, nicolae_figureground_pulse
D:4:      lemuel_castle_with_subvaults [lemuel_castle_interior_carwin_2],
          layout_basic, minmay_temple_entry_hall, hex_intersection,
          grunt_ministairs_13
D:5:      layout_cave_pools, mainiacjoe_overflow_alcove_1,
          okawaru_ov_weapons_minmay, minivault_5, lightli_corner_chamber,
          uniq_ijyb, uniq_grinder
Temple:   eino_temple_rhombus

Skill      XL: |  1  2  3  4  5  6  7  8 |
---------------+-------------------------+-----
Axes           | 3 4 5 |  5.3
Fighting       | 4 5 6 |  6.1
Armour         | 4 5 6 |  6.2
Short Blades   | 1 3 4 5 |  5.6
Shields        | 4 |  4.2
Dodging        | |  0.6
Stealth        | |  0.2

Action                   |  1- 3 |  4- 6 |  7- 9 || total
-------------------------+-------+-------+-------++-------
Melee: War axe           |   122 |       |       ||   122
       Hand axe          |    13 |    26 |       ||    39
       Short sword       |       |   124 |   169 ||   293
       Unarmed           |       |       |     8 ||     8
  Use: Scroll            |       |       |     2 ||     2
       Potion            |       |       |     2 ||     2
Armor: Scale mail        |    50 |       |       ||    50
       Chain mail        |    19 |    61 |    52 ||   132
Dodge: Dodged            |    60 |    29 |    50 ||   139
Block: Buckler           |    28 |    20 |    26 ||    74

Table legend: (Time is in decaauts)
 A = Elapsed time spent in this place.
 B = Non-inter-level travel time spent in this place.
 C = Inter-level travel time spent in this place.
 D = Time resting spent in this place.
 E = Time spent auto-exploring this place.
 F = Levels seen in this place.
 G = Mean time per level.
                   A        B        C        D        E       F      G
               +--------+--------+--------+--------+--------+-----+--------+
         Total |   5733 |   5692 |     41 |   1404 |   1835 |   6 |  955.5 |
       Dungeon |   5664 |   5623 |     41 |   1404 |   1835 |   5 | 1132.8 |
        Temple |     68 |     68 |      0 |      0 |      0 |   1 |   68.0 |
               +--------+--------+--------+--------+--------+-----+--------+

Top non-repeatable levels by time:
     D:4: 1819 daAuts
     D:1: 1359 daAuts
     D:2: 1136 daAuts
     D:3: 898 daAuts
     D:5: 451 daAuts
  Temple: 68 daAuts
